cohdb
Replays
Latest Replays
All Replays
Popular Replays
Top Player Replays
Match Explorer
How It Works
Community
CoH3 Stats
Reddit
Sign in to upload your games and track your stats! →
Sign in with Steam
Match 44333052
Unlisted
Match 44333052
Overview
Messages
Build Orders
End
Construct Infanterie Kompanie
MG 42 Machine Gun Team
MG 42 Machine Gun Team
Grenadier Squad
Grenadier Squad
Construct Luftwaffe Kompanie
Medical Station
Construct Panzergrenadier Kompanie
Panzergrenadier Squad
Panzergrenadier Squad
251 Medium Carrier
Pak 40 Anti-tank Gun Team
Construct Panzer Kompanie
Pioneer Squad
Panzer IV Medium Tank
Pak 40 Anti-tank Gun Team
Pioneer Squad
MG 42 Machine Gun Team
Selects Mechanized Battlegroup
Selects Raid Package
Panzergrenadier Squad
Selects Spotting Scopes
Selects Wespe Self-propelled Artillery
Selects Zeroing Artillery Barrage
Selects Raid Package
Selects StuG Assault Group
Selects UNKNOWN (2160084)
Panther Heavy Tank
Zeroing Artillery Barrage
Sturmpanzer IV Brummbär
Panther Heavy Tank
Zeroing Artillery Barrage
Arturokq
Carolus
LAHMACUN
Kollu
0
0
Comments
sign in to comment!
No comments posted yet!